 Dungeon Sprint DCSS version 0.26-a0-661-g406de6ba63 (webtiles) character file.

Game seed: 12900646542989596397

177 sahdkjhfkaj the Unseen (level 5, 0/38 HPs)
             Began as a Vampire Brigand on Oct 8, 2020.
             Was a Follower of Dithmenos.
             Succumbed to a queen bee's poison
             ... in the Dungeon (Sprint IV: "Fedhas' Mad Dash").
             The game lasted 00:01:39 (1081 turns).

sahdkjhfkaj the Unseen (Vampire Brigand)            Turns: 1081, Time: 00:01:39

Health: 0/38       AC:  3    Str: 10    XL:     5   Next: 30%
Magic:  4/5        EV: 12    Int:  9    God:    Dithmenos [*.....]
Gold:   70         SH:  0    Dex: 17    Spells: 4/4 levels left

rFire    . . .     SeeInvis +   a - +2 dagger
rCold    . . .     Faith    .   (no shield)
rNeg     . . .     Spirit   .   b - +0 robe
rPois    .         Reflect  .   (no helmet)
rElec    .         Harm     .   c - +0 cloak
rCorr    .         Rampage  .   (no gloves)
MR       .....     NoTele   +   (no boots)
Stlth    +++++++...             m - amulet of invisibility {+Inv}
HPRegen  0.32/turn              l - -4 ring of intelligence (curse)
MPRegen  0.09/turn              (no ring)

@: lethally poisoned (0 -> -18), very slightly contaminated, regenerating
quickly, wreathed by umbra, invisible (expiring)
A: fangs 3, see invisible, unbreathing
a: Exsanguinate, Renounce Religion


You were in the Dungeon.
You worshipped Dithmenos.
Dithmenos was aware of your devotion.
You visited 1 branch You collected 70 gold pieces.

Inventory:

Hand Weapons
 a - a +2 dagger (weapon)
Missiles
 d - 8 poisoned darts (quivered)
 e - 2 curare-tipped darts
Armour
 b - a +0 robe (worn)
 c - a +0 cloak (worn)
Jewellery
 l - a cursed -4 ring of intelligence (left hand)
 m - the amulet of invisibility (around neck) {+Inv}
   (You found it in the Dungeon)

   [amulet of nothing]

   It lets you turn invisible.
Scrolls
 k - a scroll of blinking
 n - a scroll of identify {unknown}
Potions
 f - a potion of curing
 g - a potion of heal wounds
 h - a potion of haste
 i - 2 potions of magic
 j - a potion of berserk rage


   Skills:
 - Level 1.7 Fighting
 - Level 2.1 Short Blades
 - Level 1.5 Throwing
 - Level 1.1 Dodging
 + Level 16.5 Stealth


You had 4 spell levels left.
You didn't know any spells.
Your spell library was empty.

Dungeon Overview and Level Annotations

Branches:
Dungeon (1/1)

Altars:
Cheibriados
Dithmenos
Elyvilon
Gozag
Hepliaklqana
Kikubaaqudgha
Makhleb
Nemelex Xobeh
Okawaru
Qazlal
Ru
Sif Muna
Trog
Uskayaw
Vehumet
Wu Jian
Xom
Yredelemnul
Zin
The Shining One
Beogh
Jiyva
Lugonu


Innate Abilities, Weirdness & Mutations

Your natural rate of healing is unusually fast.
You have razor-sharp teeth.
You have supernaturally acute eyesight. (SInv)
You can survive without breathing.


Message History

You are too injured to fight recklessly!
You are too injured to fight recklessly!
You are too injured to fight recklessly!
You feel sick. The killer bee barely misses you.
You flicker for a moment.
You feel sick.
There is an open door, spattered with blood here.
You feel sick.
Unknown command.
You hit the killer bee but do no damage.
You feel sick. The killer bee closely misses you.
You feel sick. The queen bee stings you!
* * * LOW HITPOINT WARNING * * *
You are more poisoned.
The queen bee poisons you!
There is an open door, spattered with blood here.
You catch the helpless queen bee completely off-guard!
You impale the queen bee!!
The queen bee is almost dead.
You die...

##############################
#<..P#.....#.....#.⌠._._._._.⌠
#PP..'.....'.#(..'.._._._._._.
#PPPP#.....#.#†..#..._._._._..
###############'##.._._._._._.
#yy.♣...y...y@y..#._._._._._.⌠
#.y.y..♣.....#...#############
#y....♣..♣..######
##+####+#####


You could see a queen bee (wandering) and 2 killer bees.

Vanquished Creatures
  A killer bee (D)
  3 oklob saplings (D)
  A worker ant (D)
  A river rat (D)
  A rat (D)
7 creatures vanquished.

Notes
Turn   | Place    | Note
-------+----------+-------------------------------------------
     0 | D        | sahdkjhfkaj the Vampire Brigand began the quest for the
                  | Orb.
     0 | D        | Reached XP level 1. HP: 16/16 MP: 1/1
    12 | D        | Reached skill level 6 in Stealth
    15 | D        | Reached skill level 8 in Stealth
    15 | D        | Reached XP level 2. HP: 22/22 MP: 2/2
    25 | D        | Noticed an oklob sapling
    27 | D        | Killed an oklob sapling
    27 | D        | Reached skill level 11 in Stealth
    27 | D        | Reached XP level 3. HP: 27/27 MP: 3/3
    30 | D        | Found the amulet of invisibility {+Inv}
    31 | D        | Reached skill level 12 in Stealth
    73 | D        | Found an opulent altar of Gozag.
    73 | D        | Found a hazy altar of Hepliaklqana.
    73 | D        | Found a burning altar of Makhleb.
    73 | D        | Found a roughly hewn altar of Beogh.
    73 | D        | Found a sparkling altar of Nemelex Xobeh.
    73 | D        | Found a snail-covered altar of Cheibriados.
    73 | D        | Found a sacrificial altar of Ru.
    73 | D        | Found a shimmering blue altar of Sif Muna.
    73 | D        | Found a shimmering altar of Xom.
    73 | D        | Found a basalt altar of Yredelemnul.
    74 | D        | Found a viscous altar of Jiyva.
    74 | D        | Found a bloodstained altar of Trog.
    74 | D        | Found an ornate altar of the Wu Jian Council.
    74 | D        | Noticed an oklob sapling priest
    78 | D        | Found an iron altar of Okawaru.
    78 | D        | Found a glowing silver altar of Zin.
    78 | D        | Found a shadowy altar of Dithmenos.
    79 | D        | Found an ancient bone altar of Kikubaaqudgha.
    79 | D        | Found a hide-covered altar of Uskayaw.
    80 | D        | Found a stormy altar of Qazlal.
    80 | D        | Found a glowing golden altar of the Shining One.
    80 | D        | Found a white marble altar of Elyvilon.
    81 | D        | Found a corrupted altar of Lugonu.
    81 | D        | Found a radiant altar of Vehumet.
    86 | D        | Became a worshipper of Dithmenos the Shadowed
    88 | D        | Killed an oklob sapling priest
    88 | D        | Reached skill level 14 in Stealth
    88 | D        | Reached XP level 4. HP: 29/33 MP: 1/4
   126 | D        | Reached skill level 15 in Stealth
   141 | D        | Noticed a queen bee
   297 | D        | Reached * piety under Dithmenos
   297 | D        | Reached skill level 16 in Stealth
   297 | D        | Reached XP level 5. HP: 4/38 MP: 3/5
   308 | D        | HP: 1/38 [poisoned by a killer bee]
   314 | D        | HP: 1/38 [poisoned by a killer bee]
  1081 | D        | Succumbed to a queen bee's poison

Illustrated notes

Levels and vault maps discovered:
D:        dungeon_sprint_fedhas [sprint_temple]

Skill      XL: |  1  2  3  4 |
---------------+-------------+-----
Stealth        | 8 11 14 16 | 16.5
Fighting       | |  1.7
Short Blades   | |  2.1
Throwing       | |  1.5
Dodging        | |  1.1

Action                   |  1- 3 |  4- 6 || total
-------------------------+-------+-------++-------
Melee: Dagger            |     4 |    14 ||    18
       Bite              |       |     1 ||     1
Throw: Dart              |     1 |       ||     1
 Abil: Evoke Invisibilit |     1 |     3 ||     4
       Exsanguinate      |     1 |       ||     1
       Revivify          |     1 |       ||     1
 Stab: Sleeping          |     3 |     1 ||     4
       Invisible         |       |     2 ||     2
Armor: Robe              |     1 |       ||     1
Dodge: Dodged            |     3 |    17 ||    20

Table legend: (Time is in decaauts)
 A = Elapsed time spent in this place.
 B = Non-inter-level travel time spent in this place.
 C = Inter-level travel time spent in this place.
 D = Time resting spent in this place.
 E = Time spent auto-exploring this place.
 F = Levels seen in this place.
 G = Mean time per level.
                   A        B        C        D        E       F      G
               +--------+--------+--------+--------+--------+-----+--------+
         Total |   1078 |   1078 |      0 |    914 |      3 |   1 | 1078.0 |
       Dungeon |   1078 |   1078 |      0 |    914 |      3 |   1 | 1078.0 |
               +--------+--------+--------+--------+--------+-----+--------+

Top non-repeatable levels by time:
       D: 1078 daAuts
